 Dungeon Crawl Stone Soup version 0.29.0-10-g45618ea6d2 (webtiles) character file.

Game seed: 16051649522737810563

196 nickcage the Spear-Bearer (level 5, 0/38 HPs)
             Began as a Merfolk Gladiator on Sept 1, 2022.
             Was an Initiate of Qazlal.
             Slain by Duvessa
             ... wielding a +0 short sword
              (2 damage)
             ... on level 4 of the Dungeon.
             The game lasted 00:05:04 (3266 turns).

nickcage the Spear-Bearer (Merfolk Gladiator)       Turns: 3266, Time: 00:05:04

Health: 0/38       AC:  7    Str: 16    XL:     5   Next: 74%
Magic:  5/5        EV: 13    Int:  8    God:    Qazlal [......]
Gold:   171        SH:  0    Dex: 15    Spells: 4/4 levels left

rFire   . . .      SeeInvis .   a - +0 trident
rCold   . . .      Faith    .   (no shield)
rNeg    . . .      Spirit   .   b - +0 leather armour
rPois   .          Reflect  .   c - +0 helmet
rElec   .          Harm     .   v - +0 cloak
rCorr   .          Rampage  .   i - +0 pair of gloves
Will    .....                   h - +0 pair of boots
Stlth   +.........              (no amulet)
HPRegen 0.12/turn               (no ring)
MPRegen 0.09/turn               (no ring)

@: no status effects
A: (nimble swimmer 2), mertail
a: Renounce Religion


You were on level 4 of the Dungeon.
You worshipped Qazlal.
Qazlal was noncommittal.
You visited 1 branch of the dungeon, and saw 4 of its levels.

You collected 171 gold pieces.

Inventory:

Hand Weapons
 a - a +0 trident (weapon)
Missiles
 d - 3 throwing nets
 e - a javelin
 o - 8 poisoned darts (quivered)
Armour
 b - a +0 leather armour (worn)
 c - a +0 helmet (worn)
 h - a +0 pair of boots (worn)
 i - a +0 pair of gloves (worn)
 v - a +0 cloak (worn)
Wands
 u - a wand of mindburst (14)
Scrolls
 f - 2 scrolls of fog {unknown}
 g - 2 scrolls of acquirement {unknown}
 k - 2 scrolls of immolation {unknown}
 l - a scroll of enchant weapon {unknown}
 n - 2 scrolls of enchant armour {unknown}
 p - a scroll of summoning {unknown}
 q - a scroll of magic mapping {unknown}
 r - 4 scrolls of identify {unknown}
 t - a scroll of vulnerability {unknown}
 w - a scroll of amnesia {unknown}
Potions
 j - a potion of curing
 m - 3 potions of brilliance {unknown}
 s - a potion of flight {unknown}
 x - a potion of mutation {unknown}


   Skills:
 - Level 2.1 Fighting
 + Level 8.2 Polearms
 - Level 2.0 Throwing
 - Level 4.0 Dodging


You had 4 spell levels left.
You didn't know any spells.
Your spell library was empty.

Dungeon Overview and Level Annotations

Branches:
Dungeon (4/15)
 Temple: D:4-7

Altars:
Qazlal
Yredelemnul

Annotations:
D:4 Dowan, Duvessa


Innate Abilities, Weirdness & Mutations

((You are very nimble when in or above water. (Stealth+, EV+, Speed+++)))
Your lower body shifts to a powerful aquatic tail in water.


Message History

Duvessa hits you with a +0 short sword!
You closely miss Duvessa.
Duvessa is lightly wounded.
Duvessa closely misses you. Duvessa hits you but does no damage.
You closely miss Duvessa.
Duvessa is lightly wounded.
Dowan says, "My weaknesses are her strengths!"
You hit Duvessa.
Duvessa is moderately wounded.
Duvessa hits you with a +0 short sword.
You closely miss Duvessa.
Duvessa is moderately wounded.
Duvessa hits you with a +0 short sword! Dowan hits you but does no damage.
Duvessa hits you with a +0 short sword.
You are too injured to fight recklessly!
Dowan drinks a potion.
Dowan seems to grow stronger.
You hit Duvessa but do no damage.
Duvessa is moderately wounded.
Duvessa barely misses you. Duvessa hits you with a +0 short sword.
You puncture Duvessa!
Duvessa is heavily wounded.
Duvessa misses you.
You barely miss Duvessa.
Duvessa is heavily wounded.
Duvessa hits you with a +0 short sword.
* * * LOW HITPOINT WARNING * * *
You hit Duvessa.
Duvessa is severely wounded.
Duvessa hits you but does no damage. Duvessa barely misses you.
You hit Duvessa but do no damage.
Duvessa is severely wounded.
Duvessa barely misses you.
You hit Duvessa but do no damage.
Duvessa is severely wounded.
Duvessa hits you with a +0 short sword!
* * * LOW HITPOINT WARNING * * *
You puncture Duvessa!
Duvessa is almost dead.
Duvessa hits you with a +0 short sword.
You die...

#########
....((.e#
#e# #@#
###.####
#..)...#
#.#†##.#
#.#.##.# #
#....#
#.####.####
#.#.......#
#......##.#


You could see Duvessa (fast) and Dowan (strong).

Vanquished Creatures
  Natasha (thrice) (D:3)
  5 adders
  2 worms (D:2)
  A dart slug (D:1)
  3 orcs (D:3)
  6 bats
  11 endoplasms
  3 giant cockroaches
  3 goblins
  7 hobgoblins
  A jackal (D:1)
  5 kobolds
  3 quokkas
  3 ball pythons
  A frilled lizard (D:3)
  4 rats
61 creatures vanquished.

Notes
Turn   | Place    | Note
-------+----------+-------------------------------------------
     0 | D:1      | nickcage the Merfolk Gladiator began the quest for the Orb.
     0 | D:1      | Reached XP level 1. HP: 16/16 MP: 1/1
   199 | D:1      | Reached XP level 2. HP: 22/22 MP: 2/2
   216 | D:1      | Reached skill level 5 in Polearms
   953 | D:2      | Reached XP level 3. HP: 27/27 MP: 3/3
  1304 | D:2      | Reached skill level 6 in Polearms
  1364 | D:2      | Reached XP level 4. HP: 30/33 MP: 4/4
  2124 | D:3      | Noticed Natasha
  2137 | D:3      | Killed Natasha
  2138 | D:3      | Reached skill level 7 in Polearms
  2406 | D:3      | Reached XP level 5. HP: 26/38 MP: 5/5
  2460 | D:3      | Noticed Natasha
  2464 | D:3      | Killed Natasha
  2678 | D:3      | Noticed Natasha
  2687 | D:3      | Killed Natasha
  2688 | D:3      | Reached skill level 8 in Polearms
  2823 | D:3      | Found a basalt altar of Yredelemnul.
  2823 | D:3      | Found a stormy altar of Qazlal.
  3027 | D:3      | Became a worshipper of Qazlal Stormbringer
  3251 | D:4      | Noticed Duvessa
  3251 | D:4      | Noticed Dowan
  3266 | D:4      | Slain by Duvessa

Illustrated notes

Levels and vault maps discovered:
D:1:      dpeg_arrival_prison, layout_loops_ring, minmay_pentomino_r4
D:2:      layout_basic
D:3:      layout_basic, gammafunk_temple_overflow_wave, uniq_natasha
D:4:      layout_loops_cross, uniq_robin, uniq_menkaure, uniq_duvessa

Skill      XL: |  1  2  3  4  5 |
---------------+----------------+-----
Polearms       | 5 6 7 8 |  8.2
Fighting       | |  2.1
Throwing       | |  2.0
Dodging        | |  4.0

Action                   |  1- 3 |  4- 6 || total
-------------------------+-------+-------++-------
Melee: Trident           |   109 |   108 ||   217
       Punch             |     1 |       ||     1
Throw: Dart              |     3 |    12 ||    15
 Stab: Sleeping          |     5 |     4 ||     9
Armor: Leather armour    |    28 |    15 ||    43
Dodge: Dodged            |    51 |    37 ||    88
